 Dungeon Crawl Stone Soup version 0.22-a0-369-gc73351f (webtiles) character file.

5048 suvakkihuora the Grappler (level 10, -7/148 HPs)
             Began as a Naga Warper on Apr 24, 2018.
             Was a Believer of Ashenzari.
             Mangled by a wight
             ... wielding a +4 halberd of freezing
              (13 damage)
             ... on level 8 of the Dungeon.
             The game lasted 00:17:44 (8292 turns).

suvakkihuora the Grappler (Naga Warper)             Turns: 8292, Time: 00:17:45

Health: -7/148     AC:  7    Str: 17 (19) XL:     10   Next: 55%
Magic:  14/14      EV:  9    Int: 13 (16) God:    Ashenzari [**....]
Gold:   546        SH:  0    Dex: 10 (11) Spells: 2/15 levels left

rFire    + . .     SeeInvis +     - Unarmed
rCold    + . .     Gourm    .   (no shield)
rNeg     . . .     Faith    .   a - +0 leather armour
rPois    +         Spirit   .   (helmet restricted)
rElec    +         Reflect  .   B - +0 cloak
rCorr    +         Harm     .   q - +0 pair of gloves
MR       +....                  (no barding)
Stlth    ..........             (no amulet)
HPRegen  0.34/turn              (no ring)
MPRegen  0.14/turn              (no ring)

@: berserking (expiring), resistant, drained, quick
A: large, horns 1, see invisible, deformed body, poison resistance, screaming 1,
shaggy fur 1, slowness 2, slow metabolism 1, spit poison 1, MP-powered wands, AC
+3
a: Spit Poison, Curse Item, Scrying, Renounce Religion


You were on level 8 of the Dungeon.
You worshipped Ashenzari.
Ashenzari was pleased with you.
You were not hungry.

You visited 1 branch of the dungeon, and saw 8 of its levels.

You collected 546 gold pieces.

Inventory:

Hand Weapons
 b - a +0 hand crossbow
 v - a +0 blowgun
Missiles
 g - 52 bolts
 u - 43 poisoned needles
 w - 6 curare-tipped needles
 G - 11 tomahawks (quivered)
Armour
 a - a +0 leather armour (worn)
 j - a +0 helmet
 q - a +0 pair of gloves (worn)
 B - a +0 cloak (worn)
Jewellery
 i - an uncursed ring of protection from cold
 E - an uncursed ring of magical power
Scrolls
 c - 2 scrolls of blinking
 e - 5 scrolls of teleportation {unknown}
 h - 3 scrolls of enchant weapon
 l - a scroll of enchant armour {unknown}
 m - 2 scrolls of immolation
 o - 3 scrolls of identify
 p - a scroll of noise {unknown}
 y - a scroll of amnesia
 z - a scroll of remove curse
 D - a scroll of fog
 F - a scroll of magic mapping
 H - a scroll of vulnerability {unknown}
Potions
 d - a potion of resistance
 r - a potion of haste
 s - a potion of flight
 x - a potion of might
 A - a potion of ambrosia
 C - a potion of invisibility
Comestibles
 f - 8 rations
 J - 3 chunks of flesh


   Skills:
 + Level 9.0(8.2) Fighting
 - Level 0.8(0.2) Throwing
 - Level 0.7(0.0) Armour
 - Level 1.5(0.9) Dodging
 * Level 12.2(11.3) Unarmed Combat
 - Level 3.1(2.4) Spellcasting
 - Level 3.0(2.3) Translocations


You had 2 spell levels left.
You knew the following spells:

 Your Spells              Type           Power        Failure   Level  Hunger
a - Blink                 Tloc           N/A          19%         2    ###....
b - Shroud of Golubria    Chrm/Tloc      #.........   28%         2    ###....
c - Regeneration          Chrm/Necr      #.........   65%         3    ###....
d - Lesser Beckoning      Tloc           #.........   34%         3    ###....
e - Teleport Other        Tloc           #.......     34%         3    ###....


Dungeon Overview and Level Annotations

Branches:
Dungeon (8/15)             Temple (0/1) D:6
   Lair: D:8-11

Altars:
Ashenzari
Fedhas
Nemelex Xobeh
Qazlal
Trog
Xom
Zin
The Shining One


Innate Abilities, Weirdness & Mutations

You cannot wear boots.
Your serpentine skin is tough. (AC +3)
You have supernaturally acute eyesight. (SInv)
Armour fits poorly on your strangely shaped body.
Your system is resistant to poisons. (rPois)
You cover ground very slowly.
You have a slow metabolism.
You can spit poison.
You have a pair of small horns on your head.
You occasionally shout uncontrollably at your foes.
You are covered in fur. (AC +1)
You expend magic power (3 MP) to strengthen your wands.


Message History

The wight hits you from afar with a halberd of freezing!
* * * LOW HITPOINT WARNING * * *
The wight freezes you.
* * * LOW HITPOINT WARNING * * *
The wight barely misses you.
Items here: )) [[ † a cursed mace of freezing; an uncursed robe; an uncursed club an uncursed ring mail; an orc corpse You hit the wight.
Your punch misses the wight.
The wight is lightly damaged.
The wight hits you but does no damage.
You completely miss the wight.
The wight is lightly damaged.
The wight hits you with a battleaxe of freezing.
* * * LOW HITPOINT WARNING * * *
You feel drained.
You punch the wight!
The wight is almost destroyed.
The wight hits you with a halberd of freezing!
You die...

#.##.###.....,..*
#........## * #.*
#####.#.### #) #.....# .##
#.#.#.#### ..# #(.....(.#
#.# #.#Z#.##.# #.#
#.....##.# #.#
######....##.###@#
zz)..)........ozz#
######.......#####
##..#.### #################
#.##.# #................
#.##.######..........######
#............#######....<..
##########..## ######## * *
#..# #.......


You could see an orc warrior and 2 wights.

Vanquished Creatures
  2 two-headed ogres (D:8)
  The ghost of Nattefrost the Grappler, a novice TrHu of Okawaru (D:6)
  Sigmund (D:4)
  2 water moccasins (D:8)
  A hornet zombie (D:7)
  An ice beast (D:7)
  2 orc warriors
  A sky beast (D:5)
  4 ogres
  A phantom (D:6)
  A centaur (D:6)
  3 big kobolds
  4 bullfrogs
  2 scorpions
  2 howler monkeys
  A wight (D:8)
  5 crimson imps
  A centaur zombie (D:6)
  A bullfrog zombie (D:8)
  3 hounds
  A jelly (D:8)
  2 bullfrog skeletons
  3 orc priests
  7 orc wizards
  2 iguanas
  8 worker ants
  A hound skeleton (D:4)
  A worker ant zombie (D:8)
  6 adders
  A howler monkey skeleton (D:5)
  A shadow imp (D:5)
  An ooze (D:1)
  2 adder zombies (D:6)
  A worm (D:3)
  A dart slug (D:1)
  4 leopard geckos
  29 orcs
  5 giant cockroaches
  5 goblins
  9 hobgoblins
  5 jackals
  30 kobolds
  2 quokkas
  7 bats
  6 frilled lizards
  A jackal skeleton (D:6)
  A leopard gecko skeleton (D:4)
  A leopard gecko zombie (D:5)
  A quokka skeleton (D:6)
  A quokka zombie (D:5)
  10 rats
194 creatures vanquished.

Vanquished Creatures (others)
  4 plants (D:4)
4 creatures vanquished.

Grand Total: 198 creatures vanquished

Notes
Turn   | Place    | Note
-------+----------+-------------------------------------------
     0 | D:1      | suvakkihuora the Naga Warper began the quest for the Orb.
     0 | D:1      | Reached XP level 1. HP: 19/19 MP: 3/3
   460 | D:1      | Reached XP level 2. HP: 26/26 MP: 5/5
  1053 | D:1      | Reached XP level 3. HP: 26/33 MP: 6/6
  1543 | D:2      | Reached skill level 3 in Unarmed Combat
  1751 | D:2      | Learned a level 2 spell: Blink
  1754 | D:2      | Learned a level 2 spell: Shroud of Golubria
  2056 | D:2      | Reached XP level 4. HP: 17/40 MP: 7/7
  2265 | D:2      | Found a faded altar of an unknown god.
  2291 | D:2      | Became a worshipper of Ashenzari the Shackled
  2291 | D:2      | Reached * piety under Ashenzari
  2701 | D:3      | Found a blossoming altar of Fedhas.
  2702 | D:3      | Found a stormy altar of Qazlal.
  2943 | D:3      | Reached XP level 5. HP: 33/49 MP: 9/9
  3212 | D:4      | Reached skill level 4 in Unarmed Combat
  3235 | D:4      | Noticed a big kobold
  3241 | D:4      | Gained mutation: You tend to lose your temper in combat. [potion of mutation]
  3241 | D:4      | Gained mutation: You can exhale a cloud of poison. [potion of mutation]
  3241 | D:4      | HP: 1/49 [worker ant (3)]
  3602 | D:4      | Killed a big kobold
  3602 | D:4      | Reached XP level 6. HP: 15/56 MP: 10/10
  3863 | D:4      | Reached skill level 5 in Unarmed Combat
  3903 | D:4      | Found a sparkling altar of Nemelex Xobeh.
  4127 | D:4      | Noticed Sigmund
  4139 | D:4      | Killed Sigmund
  4139 | D:4      | Reached skill level 6 in Unarmed Combat
  4139 | D:4      | Reached XP level 7. HP: 43/66 MP: 11/11
  4661 | D:5      | Entered Level 5 of the Dungeon
  4701 | D:5      | Reached skill level 5 in Fighting
  4702 | D:5      | Reached skill level 7 in Unarmed Combat
  4721 | D:5      | Reached XP level 8. HP: 12/74 MP: 12/12
  5481 | D:5      | Reached skill level 8 in Unarmed Combat
  5668 | D:5      | Found a bloodstained altar of Trog.
  5675 | D:5      | Found a glowing golden altar of the Shining One.
  6023 | D:6      | Noticed Nattefrost's ghost (novice TrHu)
  6052 | D:6      | Killed Nattefrost's ghost
  6052 | D:6      | Reached skill level 9 in Unarmed Combat
  6052 | D:6      | Reached XP level 9. HP: 45/85 MP: 13/13
  6110 | D:6      | Reached ** piety under Ashenzari
  6159 | D:6      | HP: 3/86 [centaur (8)]
  6279 | D:6      | Reached skill level 10 in Unarmed Combat
  6302 | D:6      | Found a glowing silver altar of Zin.
  6331 | D:6      | Found a shimmering altar of Xom.
  6358 | D:6      | Found a staircase to the Ecumenical Temple.
  6600 | D:6      | Learned a level 3 spell: Regeneration
  6604 | D:6      | Learned a level 3 spell: Lesser Beckoning
  6608 | D:6      | Learned a level 3 spell: Teleport Other
  6646 | D:6      | Lost mutation: You tend to lose your temper in combat. [potion of mutation]
  6646 | D:6      | Gained mutation: You are covered in fur. (AC +1) [potion of mutation]
  6646 | D:6      | Gained mutation: You expend magic power (3 MP) to strengthen your wands. [potion of mutation]
  6647 | D:6      | Lost mutation: You can exhale a cloud of poison. [potion of mutation]
  6647 | D:6      | Gained mutation: You occasionally shout uncontrollably at your foes. [potion of mutation]
  6647 | D:6      | Gained mutation: You have a pair of small horns on your head. [potion of mutation]
  7821 | D:8      | Noticed a two-headed ogre
  7833 | D:8      | Killed a two-headed ogre
  7833 | D:8      | Reached skill level 11 in Unarmed Combat
  7833 | D:8      | Reached XP level 10. HP: 76/97 MP: 14/14
  7912 | D:8      | Noticed a two-headed ogre
  7922 | D:8      | Killed a two-headed ogre
  8081 | D:8      | Reached skill level 12 in Unarmed Combat
  8288 | D:8      | HP: 7/148 [wight/halberd of freezing (1)]
  8292 | D:8      | Mangled by a wight

Vault maps used:
D:1:      mrwooster_arrival_statue_2
D:2:      chequers_ecumenical_altar_simple
D:3:      grunt_temple_overflow_forces_of_nature
D:4:      kennysheep_kobold_camp, first_ration,
          nemelex_xobeh_ov_fountains_minmay, uniq_sigmund
D:5:      amethyst_overflow_temple_binary
D:6:      zin_academy, old_standard_altar, temple_fountains, serial_glass,
          glass_columns_a, glass_columns_a, glass_columns_c, glass_columns_a,
          glass_columns_b, glass_columns_a, glass_columns_a, glass_columns_a

Skill      XL: |  1  2  3  4  5  6  7  8  9 10 |
---------------+-------------------------------+-----
Unarmed Combat | 3 4 6 7 9 11 12 | 12.2
Fighting       | 3 4 5 6 8 9 |  9.0
Spellcasting   | 3 |  3.1
Throwing       | |  0.8
Armour         | |  0.7
Dodging        | |  1.5
Translocations | |  3.0

Action                   |  1- 3 |  4- 6 |  7- 9 | 10-12 || total
-------------------------+-------+-------+-------+-------++-------
Melee: Unarmed           |   148 |   156 |   318 |   108 ||   730
       Punch             |     1 |     4 |     7 |     1 ||    13
       Headbutt          |       |       |     7 |    11 ||    18
 Fire: Hand crossbow     |       |     5 |       |     2 ||     7
       Blowgun           |       |       |     9 |     3 ||    12
Throw: Tomahawk          |     1 |     1 |     3 |       ||     5
 Abil: Spit Poison       |    20 |     9 |     3 |     1 ||    33
       Breathe Poison Ga |       |     5 |    16 |       ||    21
  Use: Scroll            |       |     2 |     7 |     1 ||    10
       Potion            |       |     4 |     7 |     4 ||    15
  Eat: Chunk             |     3 |     7 |    13 |     2 ||    25
Armor: Leather armour    |    36 |    54 |   122 |    33 ||   245
       Skin              |       |       |     7 |       ||     7
Dodge: Dodged            |    94 |    92 |   173 |    40 ||   399

Table legend:
 A = Spawn XP
 B = Non-spawn XP
 C = Spawn XP percentage of total XP
 D = Spawn monster count
 E = Non-spawn monster count
 F = Spawn count percentage of total count
 G = Total turns spent on level
                    A         B        C        D         E        F      G
               +---------+---------+-------+---------+---------+-------+---------
         Total |       0 |    7212 |   0.0 |       0 |     194 |   0.0 |  8292
               +---------+---------+-------+---------+---------+-------+---------
           D:1 |       0 |      40 |   0.0 |       0 |      20 |   0.0 |  1487
           D:2 |       0 |      62 |   0.0 |       0 |      24 |   0.0 |  1093
           D:3 |       0 |      77 |   0.0 |       0 |      12 |   0.0 |  1104
           D:4 |       0 |     874 |   0.0 |       0 |      35 |   0.0 |   977
           D:5 |       0 |     763 |   0.0 |       0 |      22 |   0.0 |  1275
           D:6 |       0 |    1930 |   0.0 |       0 |      28 |   0.0 |   782
           D:7 |       0 |     628 |   0.0 |       0 |      21 |   0.0 |  1092
           D:8 |       0 |    2838 |   0.0 |       0 |      32 |   0.0 |   482
               +---------+---------+-------+---------+---------+-------+---------
